Map: Frozen Temple

Players

llllllllllll

  • Race: Zerg Zerg
  • League: Master

Bananalisk - Winner!

  • Race: Terran Terran
  • League: Master

VOD

Have the link to the VOD?

Description

Time

  • Played on: Aug. 19, 2016, 10:31 p.m.
  • Length: 6:42
Show
View Real Time Build Order
Export as new Build Order

llllllllllll Zerg 

Build Orders: Hatch First 

Get SALT Encoding   

  12  0:01  Drone  
  13  0:08  Drone  
  14  0:18  Extractor  
  14  0:19  Drone  
  15  0:24  Overlord  
  15  0:44  Drone x2  
  17  0:53  Hatchery  
  17  0:56  Drone  
  17  1:10  Spawning Pool  
  16  1:15  Drone  
  17  1:20  Drone x2  
  19  1:25  Extractor  
  19  1:32  Drone  
  19  1:58  Zergling x4  
  21  2:02  Overlord  
  21  2:03  Extractor, Queen  
  21  2:05  Queen  
  25  2:15  Drone x2  
  26  2:18  Drone  
  26  2:21  Drone  
  29  2:26  Overlord  
  29  2:45  Hatchery  
  29  2:46  Drone  
  29  2:48  Drone  
  29  2:51  Drone  
  30  2:55  Drone  
  30  2:58  Drone  
  32  3:01  Drone  
  33  3:05  Roach Warren  
  33  3:06  Drone  
  33  3:17  Drone  
  33  3:18  Drone  
  33  3:19  Overlord  
  35  3:20  Overlord  
  35  3:24  Overlord  
  35  3:36  Overlord  
  35  3:40  Queen  
  37  3:41  Queen  
  37  3:43  Drone x2  
  37  3:44  Drone  
  42  3:50  Drone x3  
  45  3:56  Extractor  
  45  3:57  Roach x2  
  45  4:02  Roach  
  50  4:04  Roach  
  50  4:07  Roach  
  50  4:09  Roach  
  54  4:12  Roach  
  54  4:14  Roach  
  58  4:23  Roach x2  
  57  4:28  Roach x2  
  57  4:29  Roach  
  54  4:33  Roach  
  54  4:34  Roach  
  53  4:39  Roach  
  53  4:43  Zergling x2  
  42  4:55  Roach  
  42  4:58  Drone x2  
  34  5:11  Drone x3  
  34  5:13  Drone  
  38  5:15  Ravager  
  39  5:21  Drone x2  
  41  5:30  Drone x2  
  43  5:37  Drone  
  43  5:38  Drone  
  43  5:39  Drone  
  46  5:45  Drone  
  41  5:58  Drone x2  
  41  6:00  Drone  
  44  6:07  Spore Crawler  
Show
View Real Time Build Order
Export as new Build Order

Bananalisk Terran - Winner!

Build Orders: 1/1/1, Liberator Opening 

Get SALT Encoding   

  12  0:00  SCV  
  13  0:12  SCV  
  14  0:17  Supply Depot  
  14  0:25  SCV  
  15  0:39  SCV  
  15  0:40  Barracks  
  16  0:44  Refinery  
  16  0:51  SCV  
  16  0:54  Refinery  
  17  1:03  SCV  
  18  1:15  SCV  
  19  1:26  Marine  
  19  1:30  Orbital Command  
  19  1:32  Factory  
  20  1:46  Supply Depot, Marine  
  21  1:58  SCV  
  22  2:05  Barracks Reactor  
  22  2:19  Factory Tech Lab  
  22  2:20  Starport  
  22  2:30  SCV  
  22  2:32  Supply Depot  
  23  2:38  Siege Tank  
  23  2:42  Marine x2  
  26  2:54  SCV  
  26  2:57  Medivac  
  29  3:00  Marine x2  
  31  3:14  SCV, Armory  
  31  3:16  Supply Depot  
  32  3:20  Liberator  
  32  3:25  Hellion x2  
  36  3:40  SCV  
  40  3:46  Hellion x2  
  44  3:52  SCV, Marine  
  46  4:10  Cloaking Field  
  46  4:53  Hellion  
  46  4:57  Hellion, Banshee  
  45  5:04  Barracks Tech Lab  
  45  5:05  Command Center  
  41  5:08  Starport  
  40  5:26  Hellion x2  
  44  5:40  Banshee  
  45  5:58  Starport  
  45  5:59  Hellion  
  47  6:05  Supply Depot  
  47  6:17  Hellion  
  55  6:29  SCV  
  57  6:36  Command Center  
Tags
 
Add a new tag
Caveats
  • Supply blocks, unpowered buildings, or Contaminate may cause inaccurate times.
  • Supply counts are checked every 10 seconds.